 Dungeon Crawl Stone Soup version 0.25-a0-24-g72dcfe0 (webtiles) character file.

Game seed: 4695736324568772893, levelgen mode: deterministic

14 DrEnzyme the Magician (level 2, 0/13 HPs)
             Began as a Vine Stalker Wanderer on Oct 16, 2019.
             Slain by a hobgoblin
             ... wielding a +0 club
              (6 damage)
             ... on level 1 of the Dungeon.
             The game lasted 00:02:24 (607 turns).

DrEnzyme the Magician (Vine Stalker Wanderer)        Turns: 607, Time: 00:02:24

Health: 0/13       AC:  2    Str: 17    XL:     2   Next: 41%
Magic:  0/7        EV: 11    Int: 10    God:
Gold:   3          SH:  0    Dex: 12    Spells: 7/8 levels left

rFire    . . .     SeeInvis .   a - +0 club
rCold    . . .     Gourm    .   (no shield)
rNeg     . . .     Faith    .   d - +0 robe
rPois    .         Spirit   +   (no helmet)
rElec    .         Reflect  .   (no cloak)
rCorr    .         Harm     .   (no gloves)
MR       .....                  (no boots)
Stlth    +.........             (no amulet)
HPRegen  0.04/turn              (no ring)
MPRegen  0.10/turn              (no ring)

@: no status effects
A: fangs 2, magic shield, antimagic bite, no potion heal 3, rot immunity
a: no special abilities


You were on level 1 of the Dungeon.
You were not hungry.

You visited 1 branch of the dungeon, and saw 1 of its levels.

You collected 3 gold pieces.

Inventory:

Hand Weapons
 a - a +0 club (weapon)
Armour
 d - a +0 robe (worn)
Scrolls
 e - a scroll of teleportation {unknown}
Potions
 c - a potion of curing
Comestibles
 f - 2 rations


   Skills:
 + Level 1.0 Throwing
 * Level 0.1 Dodging
 + Level 3.9 Spellcasting
 * Level 0.3 Conjurations
   Level 1.0 Necromancy
   Level 3.0 Ice Magic
   Level 1.0 Poison Magic
   Level 1.0 Evocations


You had 7 spell levels left.
You knew the following spells:

 Your Spells              Type           Power        Failure   Level  Hunger
a - Magic Dart            Conj           #...         22%         1    #......

Your spell library contained the following spells:

 Spells                   Type           Power        Failure   Level  Hunger
 Flame Tongue             Conj/Fire      #....        24%         1    #......
 Blink                    Tloc           N/A          36%         2    ###....
 Call Imp                 Summ           #.......     36%         2    ###....
 Slow                     Hex            #.......     36%         2    ###....
 Mephitic Cloud           Conj/Pois/Air  #.......     54%         3    ###....
 Ignite Poison            Fire/Tmut/Pois #.......     56%         3    ###....
 Conjure Flame            Conj/Fire      #.......     58%         3    ###....


Dungeon Overview and Level Annotations

Branches:
Dungeon (1/15)

Altars:


Innate Abilities, Weirdness & Mutations

You have extremely sharp teeth.
When hurt, damage is shared between your health and your magic reserves.
Your bite disrupts and absorbs the magic of your enemies.
Potions cannot restore your health.
You are immune to rotting.


Message History

Aim: a hobgoblin, wielding a +0 club (unusually strong)
The magic dart hits the hobgoblin.
The hobgoblin is moderately wounded.
Casting: Magic Dart (safe; 22% risk of failure)
Confirm with . or Enter, or press ? or * to list all spells.
Aiming: Magic Dart (safe; 22% risk of failure)
Press: ? - help, Shift-Dir - straight line, f/p - hobgoblin
Aim: a hobgoblin, wielding a +0 club (moderately wounded, unusually strong)
The magic dart hits the hobgoblin but does no damage.
The hobgoblin is moderately wounded.
The hobgoblin hits you but does no damage.
Casting: Magic Dart (safe; 22% risk of failure)
Confirm with . or Enter, or press ? or * to list all spells.
Aiming: Magic Dart (safe; 22% risk of failure)
Press: ? - help, Shift-Dir - straight line, f/p - hobgoblin
Aim: a hobgoblin, wielding a +0 club (moderately wounded, unusually strong)
The magic dart hits the hobgoblin.
The hobgoblin is heavily wounded.
The hobgoblin hits you with a +0 club!
You die...

####....## #.##.##.≈≈.≈.≈...# #
#..##..####.###†..≈..≈...#.##
###..###.).##[##.÷....#...#...#
##...(.###†.#.#..#...##.#.#.###
........#.....#.##.###.#.##.###
..............#.####..##.##÷..#
....(.........#.##...######..##
..............####..## ####
.............)gg@...#
.........############
.......>.# ........## #......##
...##### ......# ..........
.....####.


You could see 2 hobgoblins.

Vanquished Creatures
  4 goblins (D:1)
  2 hobgoblins (D:1)
  3 bats (D:1)
  A frilled lizard (D:1)
  A kobold (D:1)
  3 rats (D:1)
14 creatures vanquished.

Notes
Turn   | Place    | Note
-------+----------+-------------------------------------------
     0 | D:1      | DrEnzyme the Vine Stalker Wanderer began the quest for the
                  | Orb.
     0 | D:1      | DrEnzyme set off with the following items: a +0 club, a
                  | potion of curing, a +0 robe, a ration; and the following
                  | spells available to memorise: Flame Tongue, Magic Dart,
                  | Blink, Call Imp, Slow, Ignite Poison, Mephitic Cloud,
                  | Conjure Flame
     0 | D:1      | Reached XP level 1. HP: 9/9 MP: 5/5
     2 | D:1      | Learned a level 1 spell: Magic Dart
   259 | D:1      | Reached XP level 2. HP: 13/13 MP: 1/7
   607 | D:1      | Slain by a hobgoblin

Levels and vault maps discovered:
D:1:      dpeg_arrival_subterranean_lakeside_camping, layout_rooms,
          minmay_domino_4

Action                   || total
-------------------------++-------
Melee: Club              ||    11
       Bite              ||     1
 Cast: Magic Dart        ||    34
Armor: Robe              ||    19
Dodge: Dodged            ||    23

Table legend:
 A = Non-vault XP
 B = Vault XP
 C = Vault XP percentage of total XP
 D = Non-vault monster count
 E = Vault monster count
 F = Vault count percentage of total count
                 A         B        C        D         E       F
            +---------+---------+-------+---------+---------+-------
      Total |      12 |       8 |  40.0 |       8 |       6 |  42.9
            +---------+---------+-------+---------+---------+-------
        D:1 |      12 |       8 |  40.0 |       8 |       6 |  42.9
            +---------+---------+-------+---------+---------+-------
